 Dungeon Crawl Stone Soup version 0.31-a0-851-g7ff8af7976 (webtiles) character file.

Game seed: 5907860372509372762

105 avis the Ducker (level 4, 21/21 HPs)
             Began as a Felid Fighter on Oct 7, 2023.
             Got out of the dungeon alive.
             The game lasted 00:12:14 (2109 turns).

avis the Ducker (Felid Fighter)                     Turns: 2109, Time: 00:12:14

Health: 21/21      AC:  1    Str: 12    XL:     4   Next: 53%
Magic:  5/5        EV: 20    Int:  9    God:
Gold:   60         SH:  0    Dex: 17    Spells: 3/3 levels left
                                        Lives:  1   Deaths: 1

rFire   . .          .
                       - Unarmed
rCold   . . .        (shield unavailable)
rNeg    . . .        (body armour unavailable)
rPois   .            (helmet unavailable)
rElec   .            (cloak unavailable)
rCorr   .            (gloves unavailable)
SInv    +            (boots unavailable)
Will    +....        (no amulet)
Stlth   +++          d - ring of willpower
HPRegen 0.23/turn    g - ring of flight
MPRegen 0.09/turn

%: no passive effects
@: flying, quick
A: very small, claws 1, fangs 3, see invisible, speed 1, shaggy fur 1, stealthy
paws, no weapons or thrown items, no armour, multi-lived
a: no special abilities


You escaped.
You visited 1 branch of the dungeon, and saw 3 of its levels.

You collected 60 gold pieces.

Inventory:

Jewellery
 d - a ring of willpower (left paw)
 g - a ring of flight (right paw)
 l - an amulet of faith
 r - a ring of wizardry
Wands
 n - a wand of charming (13)
Scrolls
 c - 3 scrolls of identify {unknown}
 e - a scroll of immolation {unknown}
 f - a scroll of vulnerability {unknown}
 i - a scroll of butterflies {unknown}
 p - a scroll of teleportation {unknown}
Potions
 a - 2 potions of might
 b - 3 potions of curing {unknown}
 h - a potion of resistance {unknown}
 j - 5 potions of haste {unknown}
 k - 2 potions of enlightenment {unknown}
 m - a potion of degeneration {unknown}
 o - 2 potions of cancellation {unknown}
 q - a potion of heal wounds {unknown}


   Skills:
 - Level 3.0 Fighting
 * Level 6.2 Dodging
 + Level 3.4 Stealth
 - Level 4.0 Unarmed Combat


You had 3 spell levels left.
You didn't know any spells.
Your spell library contained the following spells:

 Spells                   Type           Power      Damage    Failure   Level
 Apportation              Tloc           0%         N/A       38%         1
 Jinxbite                 Hex            0%         N/A       52%         2
 Alistair's Intoxication  Tmut/Pois      0%         N/A       100%        5


Dungeon Overview and Level Annotations

Branches:
Dungeon (3/15)

Altars:
Makhleb


Innate Abilities, Weirdness & Mutations

You have sharp claws.
You have razor-sharp teeth.
You have supernaturally acute eyesight. (SInv)
You cover ground quickly. (Speed+)
You are covered in fur. (AC +1)
Your paws help you pounce on unaware monsters.
You are incapable of wielding weapons or throwing items.
You cannot wear armour.
You gain extra lives every three experience levels.


Message History

An orc comes into view. It is wielding a +0 trident.
An orc priest comes into view. It is wielding a +0 hand axe.
An orc and an orc wizard come into view.
The orc shouts!
The orc priest shouts!
The orc wizard shouts!
The orc shouts!
The orc hits you with a +0 trident!
The orc priest hits you but does no damage.
The orc completely misses you.
The orc priest invokes the aid of Beogh against you.
Beogh smites you!
Ouch! That really hurt!
* * * LOW HITPOINT WARNING * * *
There is a stone staircase leading up here.
You fly upwards.
There is a stone staircase leading down here.
You start resting.
HP restored.
Search for what [? for help]? talisman Can't find anything matching that.
You fly downwards.
There is a stone staircase leading up here.
The orc priest looks satisfied for a moment.
You barely miss the orc priest.
The orc priest invokes the aid of Beogh against you.
Beogh smites you!
Ouch! That really hurt!
You scratch the orc priest.
The orc priest is lightly wounded.
The orc priest mumbles some strange prayers to Beogh against you.
Beogh smites you!
You die...
You rejoin the land of the living...
There is an open door here.
There is an escape hatch in the ceiling here.
A mysterious force pulls you upwards. The hatch slams shut behind you.
There is a stone staircase leading up here.
You fly upwards.
There is a stone staircase leading down here.
You see here a +0 dagger.
There is a staircase leading out of the dungeon here.
You have escaped!

......# #########....####.# #..
..###.# #.#...#.###.##(.#.# #..
......# #...#.#...#..#.##.# #..
.#....#######.###.##.#..#.#######
#........#....#....#.##.#.......#
#....##....##.#..#......#.......#
#....'...###..#..########.......#
##...#.###...###.#...#..#.......#
........##.#....@....#.##.......#
#########..#...#.###...##..######
....# ########.(#..###..## #
....#####......#..#.##....# #
........#.##.#....#....#..# #
........#..#.##.###.#####.#######
.....#..##.#..#...#.#...#........
.....)..#..##.###.#...#.#.####[..
#....#.#####...##########>.......


There were no monsters in sight!

Vanquished Creatures
  Jessica (D:2)
  An adder (D:3)
  2 dart slugs
  An orc (D:3)
  4 bats
  5 endoplasms
  4 giant cockroaches
  9 goblins
  2 hobgoblins
  5 jackals
  3 quokkas
  7 ball pythons
  8 frilled lizards
  3 kobolds
  4 rats
59 creatures vanquished.

Notes
Turn   | Place    | Note
-------+----------+-------------------------------------------
     0 | D:1      | avis the Felid Fighter began the quest for the Orb.
     0 | D:1      | Reached XP level 1. HP: 10/10 MP: 2/2
    98 | D:1      | Reached skill level 1 in Stealth
   162 | D:1      | Reached XP level 2. HP: 14/14 MP: 3/3
   502 | D:1      | Reached skill level 5 in Dodging
   558 | D:1      | Reached XP level 3. HP: 17/17 MP: 4/4
  1478 | D:2      | Noticed Jessica
  1484 | D:2      | Killed Jessica
  1485 | D:2      | Reached XP level 4. HP: 21/21 MP: 5/5
  1537 | D:3      | Reached skill level 6 in Dodging
  1688 | D:3      | Found a burning altar of Makhleb.
  1913 | D:3      | HP: 1/21 [orc priest/divine providence (13)]
  2015 | D:3      | Killed from afar by an orc priest
  2109 | D:$      | Got out of the dungeon alive.

Illustrated notes

Levels and vault maps discovered:
D:1:      psy_arrival_radial01, layout_basic, chequers_serial_rivers_room_b,
          minmay_misc_feat_room
D:2:      layout_rooms, nicolae_concentric_dashed_squares_wild,
          nrook_loot_triangle, kennysheep_generic_room_14, uniq_jessica
D:3:      layout_basic, mainiacjoe_overflow_alcove_2

Skill      XL: |  1  2  3  4 |
---------------+-------------+-----
Stealth        | 1 2 3 |  3.4
Dodging        | 5 6 |  6.2
Fighting       | |  3.0
Unarmed Combat | |  4.0

Action                     |  1- 3 |  4- 6 || total
---------------------------+-------+-------++-------
  Melee: Unarmed           |   107 |    25 ||   132
         Bite              |     8 |     4 ||    12
         Punch             |     1 |       ||     1
   Stab: Sleeping          |     9 |     5 ||    14
 Armour: Skin              |    18 |     6 ||    24
  Dodge: Dodged            |    66 |     9 ||    75

Table legend: (Time is in decaauts)
 A = Elapsed time spent in this place.
 B = Non-inter-level travel time spent in this place.
 C = Inter-level travel time spent in this place.
 D = Time resting spent in this place.
 E = Time spent auto-exploring this place.
 F = Levels seen in this place.
 G = Mean time per level.
                   A        B        C        D        E       F      G
               +--------+--------+--------+--------+--------+-----+--------+
         Total |   1780 |   1557 |    223 |    248 |    818 |   3 |  593.3 |
       Dungeon |   1780 |   1557 |    223 |    248 |    818 |   3 |  593.3 |
               +--------+--------+--------+--------+--------+-----+--------+

Top non-repeatable levels by time:
     D:1: 988 daAuts
     D:2: 453 daAuts
     D:3: 339 daAuts
